 Dungeon Crawl Stone Soup version 0.31-a0-743-g45f7035092 (webtiles) character file.

Game seed: 15154001741320439837

4 Bravepunisher the Ducker (level 1, -2/11 HPs)
             Began as a Spriggan Monk on Sept 13, 2023.
             Killed from afar by a white imp (7 damage)
             ... with a puff of frost
             ... on level 6 of the Dungeon.
             The game lasted 00:00:51 (337 turns).

Bravepunisher the Ducker (Spriggan Monk)             Turns: 337, Time: 00:00:52

Health: -2/11      AC:  2    Str:  7    XL:     1   Next: 58%
Magic:  2/2        EV: 19    Int: 11    God:
Gold:   41         SH:  0    Dex: 17    Spells: 0/0 levels left

rFire   . . .        a - +0 short sword
rCold   . . .        d - orb {light}
rNeg    . . .        b - +0 robe
rPois   .            (helmet restricted)
rElec   .            (no cloak)
rCorr   .            (gloves unavailable)
SInv    +            (boots unavailable)
Will    .....        (no amulet)
Stlth   +            (no ring)
HPRegen 0.21/turn    (no ring)
MPRegen 0.08/turn

%: no passive effects
@: glowing, very quick
A: very small, no large weapons, unfitting armour, see invisible, speed 3
a: no special abilities


You were on level 6 of the Dungeon.
You visited 1 branch of the dungeon, and saw 6 of its levels.

You collected 41 gold pieces.

Inventory:

Hand Weapons
 a - a +0 short sword (weapon)
Armour
 b - a +0 robe (worn)
 d - an orb of light (worn)
Scrolls
 e - a scroll of vulnerability {unknown}
 g - 3 scrolls of identify {unknown}
Potions
 c - a potion of ambrosia
 f - a potion of invisibility {unknown}
 h - a potion of haste {unknown}
 i - a potion of magic {unknown}


   Skills:
 + Level 2.5 Fighting
 - Level 3.2 Short Blades
 * Level 4.3 Dodging


You couldn't memorise any spells.
You didn't know any spells.
Your spell library was empty.

Dungeon Overview and Level Annotations

Branches:
Dungeon (6/15)
 Temple: D:4-7

Altars:


Innate Abilities, Weirdness & Mutations

You are very small and have problems with some larger weapons.
You are too small for most types of armour.
You have supernaturally acute eyesight. (SInv)
You cover ground extremely quickly. (Speed+++)


Message History

You hit the endoplasm.
The endoplasm is moderately wounded.
The endoplasm freezes you.
You are frozen.
You hit the endoplasm but do no damage.
The endoplasm is moderately wounded.
The endoplasm hits you but does no damage.
You hit the endoplasm.
The endoplasm is severely wounded.
You hit the endoplasm.
You kill the endoplasm!
You now have 41 gold pieces (gained 10).
There is a stone staircase leading down here.
You climb downwards.
Found a fuming coppery potion.
There is a stone staircase leading up here.
HP restored.
Found a stone staircase leading down.
i - a fuming coppery potion
There is a stone staircase leading down here.
You climb downwards.
Found a stone staircase leading down.
There is a stone staircase leading up here.
An orc and an orc priest come into view.
The orc priest shouts!
You hear a shout!
An orc comes into view. It is wielding a +0 heavy hand axe.
An orc comes into view. It is wielding a +0 dagger.
The orc shouts!
Found a leather armour.
The orc priest mumbles some strange prayers to Beogh against you.
Pain shoots through your body!
Ouch! That really hurt!
A white imp comes into view.
Found a scroll labelled WAHOIM RUUDO and 10 gold pieces.
The white imp shouts, "Slither hence, thou fawning flat-headed socdollager!"
There is a stone staircase leading down here.
The white imp gestures at you. The puff of frost hits you!
Ouch! That really hurt!
You die...

## ### ..### . #.#
....##
....###.####....#.
#....<..#....o..
####.#...ooo#
####....## ###.o#
#.@#
....?......$..#
..........##.5.
.#..#.......
.....#.......
.......#...###
.[##..###.## #. ##


You could see an orc priest, a white imp and 3 orcs.

Vanquished Creatures
  2 endoplasms
  A hobgoblin (D:2)
  A ball python (D:1)
4 creatures vanquished.

Notes
Turn   | Place    | Note
-------+----------+-------------------------------------------
     0 | D:1      | Bravepunisher the Spriggan Monk began the quest for the
                  | Orb.
     0 | D:1      | Reached XP level 1. HP: 11/11 MP: 2/2
   238 | D:5      | Entered Level 5 of the Dungeon
   333 | D:6      | Noticed an orc priest
   337 | D:6      | Killed from afar by a white imp

Illustrated notes

Levels and vault maps discovered:
D:1:      minmay_arrival_arboretum_small, layout_basic,
          dreamdust_mushroom_princess, dreamdust_princess_bridge
D:2:      layout_rooms, kennysheep_cross_room, chequers_jeans, uniq_natasha
D:3:      layout_loops_ring, lemuel_zombie_altar_kikubaaqudgha
D:4:      layout_basic, mainiacjoe_overflow_chevrons
D:5:      layout_loops_ring, nicolae_overflow_quartered_altars,
          minmay_misc_feat_hallway, uniq_menkaure
D:6:      layout_cave_pools, serial_column_ruins, column_ruins_circle_medium,
          column_ruins_corridor_straight, column_ruins_columns_straight,
          column_ruins_grid_1, column_ruins_open_tiny, column_ruins_open_tiny

Action                     || total
---------------------------++-------
  Melee: Short sword       ||    15
 Armour: Robe              ||     4
  Dodge: Dodged            ||     9

Table legend: (Time is in decaauts)
 A = Elapsed time spent in this place.
 B = Non-inter-level travel time spent in this place.
 C = Inter-level travel time spent in this place.
 D = Time resting spent in this place.
 E = Time spent auto-exploring this place.
 F = Levels seen in this place.
 G = Mean time per level.
                   A        B        C        D        E       F      G
               +--------+--------+--------+--------+--------+-----+--------+
         Total |    234 |    234 |      0 |      0 |    165 |   6 |   39.0 |
       Dungeon |    234 |    234 |      0 |      0 |    165 |   6 |   39.0 |
               +--------+--------+--------+--------+--------+-----+--------+

Top non-repeatable levels by time:
     D:1: 98 daAuts
     D:4: 71 daAuts
     D:2: 38 daAuts
     D:5: 19 daAuts
     D:6: 3 daAuts
     D:3: 3 daAuts
